 Dungeon Crawl Stone Soup version 0.28-a0-664-gc179e30c89 (webtiles) character file.

Game seed: 1242145194615542100

20 Irenicus the Digger (level 2, 0/22 HPs)
             Began as a Deep Dwarf Earth Elementalist on Oct 15, 2021.
             Slain by an orc (2 damage)
             ... on level 4 of the Dungeon.
             The game lasted 00:02:52 (482 turns).

Irenicus the Digger (Deep Dwarf Earth Elementalist)  Turns: 482, Time: 00:02:53

Health: 0/22       AC:  2    Str: 11    XL:     2   Next: 58%
Magic:  1/4        EV: 12    Int: 15    God:
Gold:   64         SH:  0    Dex: 13    Spells: 3/4 levels left

rFire   . . .      SeeInvis .   e - +0 short sword
rCold   . . .      Faith    .   (no shield)
rNeg    . . .      Spirit   .   b - +0 robe
rPois   .          Reflect  .   (no helmet)
rElec   .          Harm     .   (no cloak)
rCorr   .          Rampage  .   (no gloves)
Will    .....                   (no boots)
Stlth   ++........              (no amulet)
HPRegen 0.00/turn               (no ring)
MPRegen 0.09/turn               (no ring)

@: no status effects
A: damage resistance, heal wounds, sense surroundings 1, no regeneration
a: Heal Wounds


You were on level 4 of the Dungeon.
You visited 1 branch of the dungeon, and saw 4 of its levels.

You collected 64 gold pieces.


Innate Abilities, Weirdness & Mutations

You are resistant to damage.
You can heal yourself by infusing magical energy.
You passively map a small area around you.
You do not regenerate.


   Skills:
 - Level 2.1 Dodging
 - Level 2.4 Stealth
 - Level 1.7 Spellcasting
 - Level 0.8 Transmutations
 + Level 5.3 Earth Magic


You had 3 spell levels left.
You knew the following spells:

 Your Spells              Type           Power      Damage    Failure   Level
z - Sandblast             Erth           34%        2d9       2%          1

Your spell library contained the following spells:

 Spells                   Type           Power      Damage    Failure   Level
 Passwall                 Tmut/Erth      8%         N/A       10%         2
 Stone Arrow              Conj/Erth      18%        3d8       22%         3
 Petrify                  Tmut/Erth      10%        N/A       54%         4

Inventory:

Hand Weapons
 e - a +0 short sword (weapon)
Missiles
 c - 7 stones
Armour
 b - a +0 robe (worn)
Wands
 f - a wand of charming (6)
Scrolls
 d - a scroll of teleportation {@r2}

Dungeon Overview and Level Annotations

Branches:
Dungeon (4/15)
 Temple: D:4-7

Altars:

Annotations:
D:4 2 runed translucent doors

.....S+.+.........+
*
8....8▒...........#
,
▒8!)8▒▒..#.......##
, ▒▒▒▒
▒..........## , +
#'###.....## * ** ,
* *#...##.#+##
##.#.#.# * * *,
#o##J#.# , * *
##@#.#.#, * , ###n#
,, * , * ## , * *
** *, , , , , , * *
** * , * * , *


You could see an orc.


Message History

You hit the orc but do no damage.
The orc is moderately wounded.
The orc hits you with a +0 short sword.
* * * LOW HITPOINT WARNING * * *
You closely miss the orc.
The orc is moderately wounded.
The orc hits you but does no damage.
You hit the orc but do no damage.
The orc is moderately wounded.
The orc closely misses you.
You barely miss the orc.
The orc is moderately wounded.
The orc hits you with a +0 short sword.
You hit the orc but do no damage.
The orc is moderately wounded.
The orc barely misses you.
You hit the orc but do no damage.
The orc is moderately wounded.
The orc hits you with a +0 short sword.
* * * LOW HITPOINT WARNING * * *
The orc hits you with a +0 short sword.
* * * LOW HITPOINT WARNING * * *
You feel less attractive to monsters.
Casting: Sandblast (safe; 2% risk of failure)
Confirm with . or Enter, or press ? or * to list all spells.
Okay, then.
Use which ability? (? or * to list)
You fail to use your ability.
The orc hits you with a +0 short sword.
You die...

Skill      XL: |  1  2 |
---------------+-------+-----
Earth Magic    | 5 |  5.3
Dodging        | |  2.1
Stealth        | |  2.4
Spellcasting   | |  1.7
Transmutations | |  0.8

Action                   || total
-------------------------++-------
Melee: Short sword       ||    31
 Cast: Sandblast         ||    23
 Abil: Heal Wounds       ||     2
  Use: Scroll            ||     1
       Potion            ||     1
Armor: Robe              ||     6
Dodge: Dodged            ||    20

Levels and vault maps discovered:
D:1:      co_arrival_random_square_maze, layout_basic,
          hellmonk_ecumenical_altar_blasted
D:2:      kb_forest_paths, layout_basic, serial_rivers,
          chequers_serial_rivers_small_b, chequers_serial_rivers_room_a,
          chequers_serial_rivers_micro_e, chequers_serial_rivers_marsh,
          serial_shops, shop, uniq_jessica
D:3:      layout_basic, lightli_sewer_entry_pipes,
          amcnicky_mini_rare_corridor_liquid
D:4:      layout_loops_corners, minmay_temple_entry_sparse_star,
          corexii_checkpoint_a, hangedman_abyss_or_decor_stabs,
          minmay_hollow_rounded_squares

Notes
Turn   | Place    | Note
-------+----------+-------------------------------------------
     0 | D:1      | Irenicus the Deep Dwarf Earth Elementalist began the quest
                  | for the Orb.
     0 | D:1      | Reached XP level 1. HP: 15/15 MP: 3/3
   278 | D:2      | Reached XP level 2. HP: 22/22 MP: 1/4
   348 | D:3      | Reached skill level 5 in Earth Magic
   426 | D:4      | Found a large runed translucent door.
   426 | D:4      | Found a large runed translucent door.
   430 | D:4      | Noticed a water moccasin
   445 | D:4      | Noticed a necrophage
   481 | D:4      | HP: 2/22 [orc (3)]
   482 | D:4      | Slain by an orc

Vanquished Creatures
  An adder skeleton (D:4)
  3 endoplasms
  3 goblins (D:3)
  3 hobgoblins
  A bat (D:3)
  A frilled lizard (D:2)
  3 kobolds (D:2)
15 creatures vanquished.

Table legend: (Time is in decaauts)
 A = Elapsed time spent in this place.
 B = Non-inter-level travel time spent in this place.
 C = Inter-level travel time spent in this place.
 D = Time resting spent in this place.
 E = Time spent auto-exploring this place.
 F = Levels seen in this place.
 G = Mean time per level.
                   A        B        C        D        E       F      G
               +--------+--------+--------+--------+--------+-----+--------+
         Total |    483 |    461 |     22 |      0 |      0 |   4 |  120.8 |
       Dungeon |    483 |    461 |     22 |      0 |      0 |   4 |  120.8 |
               +--------+--------+--------+--------+--------+-----+--------+

Top non-repeatable levels by time:
     D:2: 174 daAuts
     D:1: 158 daAuts
     D:3: 76 daAuts
     D:4: 74 daAuts

Table legend:
 A = Non-vault XP
 B = Vault XP
 C = Vault XP percentage of total XP
 D = Non-vault monster count
 E = Vault monster count
 F = Vault count percentage of total count
                 A         B        C        D         E       F
            +---------+---------+-------+---------+---------+-------
      Total |      12 |      17 |  58.6 |       7 |       8 |  53.3
            +---------+---------+-------+---------+---------+-------
        D:1 |       4 |       0 |   0.0 |       2 |       0 |   0.0
        D:2 |       1 |      10 |  90.9 |       1 |       6 |  85.7
        D:3 |       7 |       0 |   0.0 |       4 |       0 |   0.0
        D:4 |       0 |       7 | 100.0 |       0 |       2 | 100.0
            +---------+---------+-------+---------+---------+-------
